[ PARTIDA AOE2 · #477690101 ]
UnrankedMongoles vs Burgundians
[ ANÁLISIS DE REPETICIÓN · EXTRAÍDO DE LA PARTIDA GRABADA ]
Feudal
13:32
Castillos
21:40
Imperial
—
| APM promedio | 29.7 |
| APM pico | 55 |
| eAPM promedio | 22.6 |
| Aldeanos / militares | 33 / 6 |
Foco
⚔️ 12.5% · 🌾 87.5%
Fishing Ship ×8 · Petard ×3 · Battering Ram ×2 · Demolition Raft ×1
Feudal
13:21
Castillos
19:41
Imperial
—
| APM promedio | 26.3 |
| APM pico | 76 |
| eAPM promedio | 12.1 |
| Aldeanos / militares | 37 / 0 |
Foco
⚔️ 33.2% · 🌾 66.8%
Fishing Ship ×8
Feudal
14:20
Castillos
18:57
Imperial
—
| APM promedio | 42.0 |
| APM pico | 99 |
| eAPM promedio | 15.0 |
| Aldeanos / militares | 34 / 9 |
Foco
⚔️ 34.6% · 🌾 65.4%
Fishing Ship ×5 · Fire Galley ×5 · Spearman ×2 · Camel Scout ×2
Feudal
12:22
Castillos
19:59
Imperial
—
| APM promedio | 33.5 |
| APM pico | 68 |
| eAPM promedio | 15.9 |
| Aldeanos / militares | 36 / 26 |
Foco
⚔️ 37.7% · 🌾 62.3%
Galley ×24 · Fishing Ship ×5 · Fire Galley ×2
Feudal
12:03
Castillos
—
Imperial
—
| APM promedio | 38.5 |
| APM pico | 65 |
| eAPM promedio | 16.3 |
| Aldeanos / militares | 34 / 23 |
Foco
⚔️ 32.1% · 🌾 67.9%
Scout Cavalry ×23 · Fishing Ship ×6
Feudal
12:57
Castillos
20:56
Imperial
—
| APM promedio | 29.4 |
| APM pico | 55 |
| eAPM promedio | 12.8 |
| Aldeanos / militares | 27 / 13 |
Foco
⚔️ 15.8% · 🌾 84.2%
Spearman ×10 · Fishing Ship ×6 · Archer ×3
Feudal
12:00
Castillos
20:58
Imperial
—
| APM promedio | 38.2 |
| APM pico | 55 |
| eAPM promedio | 19.0 |
| Aldeanos / militares | 38 / 15 |
Foco
⚔️ 25.7% · 🌾 74.3%
Fishing Ship ×19 · Galley ×14 · Unknown (2626) ×8 · Demolition Raft ×1
Feudal
12:24
Castillos
—
Imperial
—
| APM promedio | 35.4 |
| APM pico | 84 |
| eAPM promedio | 18.0 |
| Aldeanos / militares | 35 / 14 |
Foco
⚔️ 37.0% · 🌾 63.0%
Scout Cavalry ×14 · Fishing Ship ×4
Mapa de la partida
Recursos iniciales + cada clic de construcción. Líneas = muros · curvas = relieve. ◆ oro · ⬟ piedra · ● bayas · ✦ reliquia · ◌ hueco del cierre
Tu base· Abierta — hueco de 11t
Base de 大冲车 滴滴 创死你· Abierta — flanco sin cerrar
Base de Ulfaith· Abierta — hueco de 3t
Base de Globox· Abierta — hueco de 7t
Base de Bambs· Abierta — hueco de 14t
Base de Álvaro de Bazán· Abierta — hueco de 4t
Base de Just Lazy· Abierta — hueco de 5t
Base de 国服总指挥· Abierta — flanco sin cerrar
Terreno inicial suavizado · ◌ = hueco del cierre detectado · pasá el cursor para detalles
Inputs por minuto
— Allison - - 大冲车 滴滴 创死你
Build order — Allison
94 acciones detectadas en el replay
| 0:18 | Construir | Town Center |
| 2:15 | Construir | Dock |
| 2:22 | Construir | House |
| 2:47 | Crear | Villager (Male) |
| 2:47 | Crear | Villager (Male) |
| 2:48 | Crear | Villager (Male) |
| 2:48 | Crear | Villager (Male) |
| 4:16 | Crear | Fishing Ship |
| 4:16 | Crear | Fishing Ship |
| 4:18 | Construir | House |
| 4:29 | Investigar | Loom |
| 4:58 | Crear | Villager (Male) |
| 5:22 | Crear | Villager (Male) |
| 5:48 | Crear | Villager (Male) |
| 6:16 | Crear | Villager (Male) |
| 6:16 | Crear | Villager (Male) |
| 6:21 | Crear | Fishing Ship |
| 6:22 | Crear | Fishing Ship |
| 6:25 | Construir | House |
| 6:32 | Construir | House |
| 6:37 | Crear | Villager (Male) |
| 7:15 | Crear | Fishing Ship |
| 7:27 | Crear | Villager (Male) |
| 7:28 | Crear | Villager (Male) |
| 7:46 | Crear | Villager (Male) |
| 8:24 | Construir | Mill |
| 8:47 | Crear | Villager (Male) |
| 8:48 | Crear | Villager (Male) |
| 9:05 | Construir | Mining Camp |
| 9:16 | Construir | House |
| 9:19 | Construir | House |
| 9:28 | Crear | Villager (Male) |
| 9:46 | Crear | Fishing Ship |
| 10:03 | Crear | Villager (Male) |
| 10:04 | Crear | Villager (Male) |
| 10:18 | Construir | Lumber Camp |
| 10:57 | Crear | Villager (Male) |
| 10:57 | Investigar | Feudal Age |
| 11:05 | Construir | Mill |
| 11:36 | Construir | House |
| 11:36 | Construir | House |
| 11:53 | Construir | Mining Camp |
| 13:04 | Crear | Villager (Male) |
| 13:32 | Edad | Edad Feudal |
| 13:33 | Construir | Market |
| 13:35 | Construir | Blacksmith |
| 13:51 | Investigar | Double-Bit Axe |
| 13:51 | Investigar | Double-Bit Axe |
| 14:13 | Crear | Villager (Male) |
| 14:14 | Construir | Farm |
| 14:24 | Construir | House |
| 14:45 | Construir | Farm |
| 14:45 | Crear | Villager (Male) |
| 15:16 | Construir | Watch Tower |
| 15:24 | Construir | Watch Tower |
| 15:37 | Construir | Farm |
| 15:43 | Construir | Watch Tower |
| 15:45 | Investigar | Fletching |
| 15:47 | Crear | Villager (Male) |
| 15:47 | Crear | Villager (Male) |
| 15:58 | Construir | Farm |
| 16:03 | Construir | Farm |
| 16:04 | Construir | Farm |
| 16:15 | Construir | Farm |
| 16:24 | Crear | Villager (Male) |
| 17:02 | Crear | Villager (Male) |
| 17:31 | Crear | Villager (Male) |
| 18:05 | Construir | Farm |
| 18:06 | Crear | Villager (Male) |
| 18:44 | Construir | House |
| 18:45 | Construir | House |
| 18:46 | Construir | House |
| 19:00 | Investigar | Castle Age |
| 20:03 | Crear | Villager (Male) |
| 20:30 | Construir | Farm |
| 20:35 | Crear | Demolition Raft |
| 20:39 | Crear | Fishing Ship |
| 20:39 | Crear | Fishing Ship |
| 21:29 | Crear | Villager (Male) |
| 21:29 | Investigar | Horse Collar |
| 21:29 | Investigar | Horse Collar |
| 21:40 | Edad | Edad de los Castillos |
| 21:41 | Construir | Castle |
| 22:08 | Construir | Siege Workshop |
| 22:28 | Crear | Petard |
| 22:28 | Crear | Petard |
| 22:29 | Crear | Petard |
| 22:33 | Construir | Lumber Camp |
| 22:34 | Crear | Battering Ram |
| 22:34 | Crear | Battering Ram |
| 22:40 | Crear | Villager (Male) |
| 22:40 | Crear | Villager (Male) |
| 22:40 | Crear | Villager (Male) |
| 23:21 | Construir | Lumber Camp |
Build order — 大冲车 滴滴 创死你
73 acciones detectadas en el replay
| 0:37 | Construir | Town Center |
| 1:42 | Construir | Dock |
| 1:44 | Construir | House |
| 2:47 | Crear | Villager (Male) |
| 2:48 | Crear | Villager (Male) |
| 2:48 | Crear | Villager (Male) |
| 2:48 | Crear | Villager (Male) |
| 2:48 | Crear | Villager (Male) |
| 3:33 | Crear | Fishing Ship |
| 3:33 | Crear | Fishing Ship |
| 4:12 | Construir | House |
| 4:21 | Crear | Villager (Male) |
| 4:21 | Crear | Villager (Male) |
| 4:52 | Crear | Villager (Male) |
| 4:52 | Crear | Villager (Male) |
| 5:07 | Crear | Villager (Male) |
| 5:08 | Crear | Villager (Male) |
| 5:31 | Crear | Villager (Male) |
| 5:32 | Crear | Villager (Male) |
| 5:39 | Crear | Fishing Ship |
| 5:45 | Crear | Villager (Male) |
| 5:46 | Crear | Villager (Male) |
| 6:22 | Crear | Villager (Male) |
| 6:22 | Crear | Villager (Male) |
| 6:27 | Crear | Fishing Ship |
| 6:27 | Crear | Fishing Ship |
| 6:36 | Investigar | Loom |
| 6:36 | Crear | Villager (Male) |
| 6:37 | Crear | Villager (Male) |
| 6:37 | Crear | Villager (Male) |
| 6:46 | Construir | House |
| 6:55 | Crear | Villager (Male) |
| 7:21 | Construir | House |
| 7:52 | Crear | Fishing Ship |
| 8:13 | Crear | Villager (Male) |
| 8:34 | Crear | Fishing Ship |
| 8:48 | Crear | Villager (Male) |
| 9:10 | Crear | Fishing Ship |
| 9:12 | Crear | Villager (Male) |
| 9:27 | Construir | Mining Camp |
| 9:37 | Crear | Villager (Male) |
| 9:40 | Construir | House |
| 10:20 | Crear | Villager (Male) |
| 10:26 | Construir | Lumber Camp |
| 10:46 | Crear | Villager (Male) |
| 11:02 | Investigar | Feudal Age |
| 11:39 | Investigar | Double-Bit Axe |
| 11:45 | Construir | Mill |
| 12:03 | Construir | House |
| 12:34 | Construir | Mining Camp |
| 12:47 | Crear | Villager (Male) |
| 13:21 | Edad | Edad Feudal |
| 13:25 | Construir | Blacksmith |
| 13:39 | Crear | Villager (Male) |
| 14:05 | Crear | Villager (Male) |
| 14:17 | Construir | Market |
| 14:20 | Crear | Villager (Male) |
| 15:00 | Crear | Villager (Male) |
| 15:24 | Crear | Villager (Male) |
| 15:36 | Construir | Mill |
| 15:50 | Crear | Villager (Male) |
| 16:20 | Crear | Villager (Male) |
| 17:02 | Investigar | Castle Age |
| 17:47 | Investigar | Bow Saw |
| 17:47 | Investigar | Bow Saw |
| 17:56 | Construir | House |
| 18:57 | Crear | Villager (Male) |
| 18:57 | Crear | Villager (Male) |
| 19:08 | Construir | Farm |
| 19:09 | Construir | Farm |
| 19:41 | Edad | Edad de los Castillos |
| 19:44 | Construir | Castle |
| 20:12 | Construir | Town Center |
Build order — Ulfaith
94 acciones detectadas en el replay
| 0:15 | Construir | Town Center |
| 0:41 | Construir | Dock |
| 0:50 | Construir | House |
| 2:39 | Crear | Villager (Male) ×4 |
| 2:54 | Investigar | Loom |
| 2:55 | Crear | Villager (Male) |
| 2:55 | Crear | Villager (Male) |
| 2:56 | Crear | Villager (Male) |
| 3:44 | Construir | House |
| 3:51 | Crear | Villager (Male) |
| 4:10 | Construir | Palisade Gate |
| 4:26 | Construir | House |
| 4:37 | Crear | Fishing Ship |
| 4:53 | Construir | House |
| 5:13 | Crear | Villager (Male) |
| 5:20 | Crear | Fishing Ship |
| 6:15 | Crear | Fishing Ship |
| 6:25 | Crear | Villager (Male) |
| 7:00 | Crear | Villager (Male) |
| 7:15 | Crear | Villager (Male) |
| 7:32 | Crear | Villager (Male) |
| 7:32 | Crear | Villager (Male) |
| 7:40 | Crear | Villager (Male) |
| 7:56 | Construir | House |
| 8:23 | Crear | Villager (Male) |
| 8:24 | Crear | Fishing Ship |
| 8:48 | Crear | Villager (Male) |
| 8:49 | Crear | Fishing Ship |
| 9:08 | Construir | House |
| 9:12 | Construir | House |
| 9:40 | Crear | Villager (Male) |
| 10:18 | Construir | House |
| 10:24 | Construir | Palisade Wall |
| 10:27 | Construir | House |
| 10:38 | Crear | Villager (Male) |
| 10:42 | Construir | House |
| 11:15 | Construir | Dock |
| 11:20 | Crear | Villager (Male) |
| 11:20 | Crear | Villager (Male) |
| 11:24 | Construir | Lumber Camp |
| 11:59 | Investigar | Feudal Age |
| 12:16 | Construir | Mining Camp |
| 13:09 | Crear | Villager (Male) |
| 13:10 | Crear | Villager (Male) |
| 14:03 | Construir | House |
| 14:20 | Edad | Edad Feudal |
| 14:29 | Construir | Blacksmith |
| 14:33 | Construir | Barracks |
| 14:48 | Crear | Fire Galley |
| 14:57 | Crear | Villager (Male) |
| 15:20 | Crear | Fire Galley |
| 15:27 | Construir | Stable |
| 15:51 | Crear | Villager (Male) |
| 16:17 | Investigar | Castle Age |
| 16:20 | Crear | Fire Galley |
| 16:47 | Crear | Villager (Male) |
| 16:52 | Investigar | Double-Bit Axe |
| 17:20 | Crear | Fire Galley |
| 17:20 | Crear | Fire Galley |
| 17:26 | Construir | House |
| 17:32 | Construir | Outpost |
| 17:35 | Investigar | Town Watch |
| 18:13 | Construir | Outpost |
| 18:19 | Crear | Spearman |
| 18:24 | Construir | Palisade Wall |
| 18:25 | Construir | Palisade Wall |
| 18:26 | Construir | Palisade Wall |
| 18:28 | Construir | Palisade Wall |
| 18:30 | Construir | Palisade Wall |
| 18:32 | Construir | Palisade Wall |
| 18:35 | Construir | Palisade Wall |
| 18:48 | Crear | Spearman |
| 18:55 | Construir | House |
| 18:57 | Crear | Villager (Male) |
| 18:57 | Edad | Edad de los Castillos |
| 19:01 | Crear | Camel Scout |
| 19:56 | Investigar | War Galley (upgrade) |
| 20:03 | Crear | Camel Scout |
| 20:12 | Construir | Mill |
| 20:36 | Construir | House |
| 21:16 | Construir | Farm |
| 21:17 | Construir | Farm |
| 21:18 | Construir | Farm |
| 21:18 | Construir | Farm |
| 21:19 | Construir | Farm |
| 21:36 | Crear | Villager (Male) |
| 21:55 | Crear | Villager (Male) |
| 22:10 | Construir | Town Center |
| 22:13 | Crear | Villager (Male) |
| 22:53 | Crear | Villager (Male) |
| 22:53 | Crear | Villager (Male) |
| 23:14 | Crear | Villager (Male) |
| 23:14 | Crear | Villager (Male) |
| 23:18 | Construir | House |
Build order — Globox
109 acciones detectadas en el replay
| 0:07 | Construir | Town Center |
| 0:36 | Construir | Dock |
| 0:39 | Construir | House |
| 1:41 | Construir | Palisade Wall |
| 1:42 | Construir | Palisade Wall |
| 2:40 | Crear | Villager (Male) ×4 |
| 3:38 | Crear | Fishing Ship |
| 3:38 | Crear | Villager (Male) |
| 4:03 | Construir | House |
| 4:46 | Crear | Villager (Male) |
| 5:07 | Construir | House |
| 5:09 | Crear | Villager (Male) |
| 5:34 | Crear | Villager (Male) |
| 5:42 | Crear | Fishing Ship |
| 5:56 | Crear | Villager (Male) |
| 6:17 | Crear | Villager (Male) |
| 6:18 | Crear | Fishing Ship |
| 6:23 | Construir | House |
| 6:43 | Crear | Villager (Male) |
| 7:10 | Construir | Mill |
| 7:14 | Crear | Villager (Male) |
| 7:20 | Crear | Fishing Ship |
| 7:35 | Crear | Villager (Male) |
| 7:53 | Crear | Villager (Male) |
| 8:09 | Crear | Fishing Ship |
| 8:18 | Construir | House |
| 8:22 | Crear | Villager (Male) |
| 8:39 | Crear | Villager (Male) |
| 9:10 | Construir | Lumber Camp |
| 9:11 | Crear | Villager (Male) |
| 9:34 | Construir | House |
| 9:35 | Crear | Villager (Male) |
| 9:42 | Crear | Villager (Male) |
| 10:02 | Construir | Dock |
| 10:12 | Investigar | Feudal Age |
| 10:24 | Construir | Mining Camp |
| 10:45 | Construir | House |
| 11:40 | Construir | Dock |
| 12:01 | Construir | House |
| 12:22 | Crear | Villager (Male) |
| 12:22 | Edad | Edad Feudal |
| 12:23 | Crear | Galley |
| 12:23 | Crear | Galley |
| 12:24 | Crear | Galley |
| 12:32 | Crear | Villager (Male) |
| 12:50 | Investigar | Double-Bit Axe |
| 12:51 | Crear | Villager (Male) |
| 13:08 | Crear | Villager (Male) |
| 13:23 | Construir | Blacksmith |
| 13:28 | Investigar | Loom |
| 13:38 | Crear | Galley |
| 13:48 | Crear | Galley |
| 13:50 | Crear | Villager (Male) |
| 14:06 | Investigar | Fletching |
| 14:08 | Crear | Villager (Male) |
| 14:09 | Construir | House |
| 14:20 | Crear | Galley |
| 14:32 | Construir | Mill |
| 14:56 | Crear | Villager (Male) |
| 14:57 | Investigar | Wheelbarrow |
| 15:27 | Crear | Villager (Male) |
| 15:31 | Construir | House |
| 15:50 | Crear | Galley |
| 16:18 | Crear | Villager (Male) |
| 16:43 | Construir | Market |
| 16:52 | Investigar | Tech 906 |
| 17:19 | Investigar | Castle Age |
| 17:54 | Construir | Dock |
| 17:57 | Investigar | Gold Mining |
| 18:01 | Crear | Galley |
| 18:04 | Crear | Galley |
| 18:28 | Construir | House |
| 18:35 | Crear | Galley |
| 18:55 | Construir | House |
| 19:06 | Crear | Galley |
| 19:13 | Construir | Lumber Camp |
| 19:22 | Crear | Galley |
| 19:50 | Crear | Villager (Male) |
| 19:59 | Edad | Edad de los Castillos |
| 20:01 | Investigar | Bodkin Arrow |
| 20:03 | Investigar | War Galley (upgrade) |
| 20:08 | Investigar | Bow Saw |
| 20:13 | Crear | Villager (Male) |
| 20:53 | Crear | Villager (Male) |
| 20:59 | Investigar | Gillnets |
| 21:04 | Crear | Galley |
| 21:07 | Crear | Villager (Male) |
| 21:11 | Construir | University |
| 21:28 | Crear | Galley |
| 21:28 | Crear | Galley |
| 21:32 | Crear | Fire Galley |
| 21:32 | Crear | Fire Galley |
| 21:39 | Crear | Villager (Male) |
| 21:41 | Construir | House |
| 21:58 | Crear | Villager (Male) |
| 22:01 | Crear | Galley |
| 22:10 | Crear | Galley |
| 22:21 | Investigar | Ballistics |
| 22:24 | Crear | Galley |
| 22:26 | Crear | Villager (Male) |
| 22:29 | Construir | House |
| 23:02 | Crear | Galley |
| 23:03 | Crear | Galley |
| 23:03 | Crear | Galley |
| 23:04 | Crear | Galley |
| 23:20 | Crear | Villager (Male) |
| 23:20 | Investigar | Town Watch |
| 23:22 | Crear | Galley |
| 23:24 | Crear | Galley |
Build order — Bambs
112 acciones detectadas en el replay
| 0:16 | Construir | Town Center |
| 0:39 | Construir | Dock |
| 0:41 | Construir | House |
| 2:20 | Construir | Palisade Wall |
| 2:22 | Construir | Palisade Wall |
| 2:24 | Construir | Palisade Wall |
| 2:34 | Crear | Villager (Male) |
| 2:34 | Crear | Villager (Male) |
| 2:35 | Crear | Villager (Male) |
| 2:35 | Crear | Villager (Male) |
| 2:35 | Crear | Villager (Male) |
| 3:48 | Crear | Fishing Ship |
| 3:49 | Crear | Villager (Male) |
| 4:35 | Crear | Villager (Male) |
| 4:41 | Investigar | Loom |
| 4:45 | Construir | House |
| 5:26 | Crear | Villager (Male) |
| 5:28 | Crear | Villager (Male) |
| 5:37 | Crear | Fishing Ship |
| 5:52 | Crear | Villager (Male) |
| 6:32 | Crear | Villager (Male) |
| 6:33 | Crear | Fishing Ship |
| 6:39 | Construir | House |
| 6:57 | Construir | House |
| 7:04 | Crear | Villager (Male) |
| 7:21 | Crear | Villager (Male) |
| 7:22 | Crear | Villager (Male) |
| 7:43 | Crear | Fishing Ship |
| 7:56 | Crear | Villager (Male) |
| 8:12 | Crear | Fishing Ship |
| 8:20 | Crear | Villager (Male) |
| 8:22 | Crear | Villager (Male) |
| 8:37 | Construir | House |
| 8:53 | Construir | House |
| 8:56 | Crear | Fishing Ship |
| 9:21 | Construir | Lumber Camp |
| 9:53 | Investigar | Feudal Age |
| 10:08 | Construir | House |
| 11:05 | Construir | Barracks |
| 11:23 | Crear | Villager (Male) |
| 11:24 | Crear | Villager (Male) |
| 11:44 | Construir | House |
| 12:03 | Edad | Edad Feudal |
| 12:12 | Construir | Stable |
| 12:16 | Crear | Villager (Male) |
| 12:38 | Investigar | Double-Bit Axe |
| 12:55 | Crear | Scout Cavalry |
| 12:55 | Crear | Scout Cavalry |
| 13:04 | Crear | Scout Cavalry |
| 13:06 | Crear | Villager (Male) |
| 13:27 | Crear | Scout Cavalry |
| 13:39 | Construir | Stable |
| 13:51 | Crear | Villager (Male) |
| 13:52 | Crear | Villager (Male) |
| 14:05 | Crear | Scout Cavalry |
| 14:05 | Crear | Villager (Male) |
| 14:09 | Construir | Mill |
| 14:18 | Crear | Villager (Male) |
| 14:18 | Crear | Scout Cavalry |
| 14:39 | Crear | Scout Cavalry |
| 14:40 | Crear | Scout Cavalry |
| 14:49 | Crear | Villager (Male) |
| 14:58 | Construir | Mining Camp |
| 15:06 | Crear | Scout Cavalry |
| 15:19 | Construir | House |
| 15:23 | Construir | House |
| 15:24 | Construir | House |
| 15:26 | Crear | Villager (Male) |
| 15:57 | Crear | Scout Cavalry |
| 16:37 | Crear | Scout Cavalry |
| 16:37 | Crear | Scout Cavalry |
| 16:37 | Crear | Scout Cavalry |
| 16:38 | Crear | Villager (Male) |
| 16:41 | Construir | Farm |
| 16:42 | Construir | Farm |
| 16:42 | Construir | Farm |
| 16:42 | Construir | Farm |
| 16:42 | Construir | Farm |
| 16:49 | Construir | House |
| 16:57 | Crear | Villager (Male) |
| 16:59 | Crear | Villager (Male) |
| 17:11 | Construir | Farm |
| 17:20 | Construir | Farm |
| 17:25 | Crear | Scout Cavalry |
| 17:25 | Crear | Scout Cavalry |
| 17:28 | Crear | Villager (Male) |
| 17:42 | Crear | Villager (Male) |
| 17:43 | Crear | Scout Cavalry |
| 17:43 | Crear | Scout Cavalry |
| 17:50 | Construir | Blacksmith |
| 18:10 | Investigar | Bloodlines |
| 18:13 | Investigar | Wheelbarrow |
| 18:30 | Crear | Villager (Male) |
| 18:46 | Crear | Villager (Male) |
| 19:17 | Investigar | Scale Barding Armor |
| 19:33 | Investigar | Horse Collar |
| 19:35 | Construir | Farm |
| 19:35 | Construir | Farm |
| 19:36 | Construir | Farm |
| 19:36 | Construir | Farm |
| 19:36 | Construir | Farm |
| 19:36 | Construir | Farm |
| 20:36 | Construir | Mining Camp |
| 20:50 | Construir | Dock |
| 20:51 | Investigar | Castle Age |
| 21:13 | Investigar | Forging |
| 23:11 | Crear | Scout Cavalry |
| 23:11 | Crear | Scout Cavalry |
| 23:11 | Crear | Scout Cavalry |
| 23:11 | Crear | Scout Cavalry |
| 23:12 | Crear | Scout Cavalry |
| 23:12 | Crear | Scout Cavalry |
Build order — Álvaro de Bazán
77 acciones detectadas en el replay
| 0:38 | Construir | Town Center |
| 0:53 | Construir | Dock |
| 1:48 | Construir | House |
| 2:53 | Crear | Villager (Male) |
| 2:53 | Crear | Villager (Male) |
| 2:53 | Crear | Villager (Male) |
| 2:54 | Crear | Villager (Male) |
| 2:54 | Crear | Villager (Male) |
| 3:19 | Investigar | Loom |
| 3:48 | Construir | House |
| 4:01 | Crear | Villager (Male) |
| 4:01 | Crear | Villager (Male) |
| 4:02 | Crear | Fishing Ship |
| 4:02 | Crear | Fishing Ship |
| 4:04 | Crear | Villager (Male) |
| 5:37 | Crear | Villager (Male) |
| 5:38 | Crear | Fishing Ship |
| 5:52 | Construir | House |
| 6:08 | Crear | Villager (Male) |
| 6:23 | Crear | Villager (Male) |
| 6:55 | Crear | Fishing Ship |
| 7:04 | Crear | Villager (Male) |
| 7:12 | Construir | House |
| 7:21 | Crear | Villager (Male) |
| 7:43 | Crear | Villager (Male) |
| 7:43 | Crear | Villager (Male) |
| 7:45 | Crear | Villager (Male) |
| 7:46 | Crear | Villager (Male) |
| 7:59 | Crear | Fishing Ship |
| 8:29 | Crear | Villager (Male) |
| 8:45 | Crear | Villager (Male) |
| 9:27 | Construir | House |
| 9:54 | Construir | Lumber Camp |
| 10:17 | Construir | Lumber Camp |
| 10:18 | Crear | Villager (Male) |
| 10:47 | Investigar | Feudal Age |
| 11:19 | Construir | Mill |
| 11:47 | Construir | Mining Camp |
| 12:30 | Construir | Outpost |
| 12:50 | Crear | Villager (Male) |
| 12:57 | Edad | Edad Feudal |
| 12:57 | Construir | House |
| 13:01 | Investigar | Town Watch |
| 13:03 | Crear | Villager (Male) |
| 13:13 | Construir | Barracks |
| 13:29 | Crear | Villager (Male) |
| 13:58 | Construir | Archery Range |
| 14:01 | Crear | Villager (Male) |
| 14:04 | Crear | Spearman |
| 14:08 | Crear | Villager (Male) |
| 14:34 | Crear | Spearman |
| 14:41 | Crear | Archer |
| 14:47 | Crear | Spearman |
| 14:58 | Construir | Watch Tower |
| 15:07 | Construir | Watch Tower |
| 15:09 | Crear | Spearman |
| 15:11 | Crear | Archer |
| 15:31 | Crear | Villager (Male) |
| 15:38 | Crear | Fishing Ship |
| 15:40 | Crear | Villager (Male) |
| 15:48 | Crear | Archer |
| 16:07 | Crear | Spearman |
| 16:07 | Crear | Spearman |
| 16:07 | Crear | Spearman |
| 16:54 | Construir | Blacksmith |
| 17:03 | Construir | House |
| 17:08 | Construir | House |
| 18:16 | Investigar | Castle Age |
| 18:19 | Construir | Mining Camp |
| 19:05 | Crear | Spearman |
| 19:17 | Investigar | Double-Bit Axe |
| 20:00 | Construir | Outpost |
| 20:06 | Crear | Spearman |
| 20:08 | Crear | Spearman |
| 20:56 | Edad | Edad de los Castillos |
| 21:35 | Construir | Castle |
| 22:33 | Construir | Siege Workshop |
Build order — Just Lazy
112 acciones detectadas en el replay
| 0:11 | Construir | Town Center |
| 1:41 | Construir | Dock |
| 1:43 | Construir | House |
| 2:31 | Crear | Villager (Male) ×4 |
| 3:44 | Crear | Fishing Ship |
| 4:11 | Investigar | Loom |
| 4:33 | Crear | Villager (Male) |
| 4:33 | Crear | Villager (Male) |
| 4:38 | Construir | House |
| 4:49 | Crear | Villager (Male) |
| 5:10 | Crear | Villager (Male) |
| 5:39 | Crear | Fishing Ship |
| 5:42 | Crear | Villager (Male) |
| 6:00 | Construir | House |
| 6:04 | Crear | Villager (Male) |
| 6:04 | Crear | Villager (Male) |
| 6:23 | Crear | Villager (Male) |
| 6:54 | Crear | Fishing Ship |
| 7:00 | Crear | Villager (Male) |
| 7:00 | Crear | Villager (Male) |
| 7:14 | Construir | House |
| 7:22 | Crear | Fishing Ship |
| 7:39 | Crear | Villager (Male) |
| 7:56 | Construir | House |
| 8:08 | Crear | Fishing Ship |
| 8:09 | Crear | Villager (Male) |
| 8:40 | Crear | Villager (Male) |
| 8:41 | Crear | Villager (Male) |
| 8:55 | Construir | House |
| 8:59 | Construir | Mining Camp |
| 9:50 | Investigar | Feudal Age |
| 9:59 | Construir | House |
| 10:31 | Construir | Dock |
| 11:03 | Crear | Villager (Male) |
| 11:03 | Crear | Villager (Male) |
| 11:13 | Crear | Fishing Ship |
| 11:13 | Crear | Fishing Ship |
| 12:00 | Edad | Edad Feudal |
| 12:01 | Crear | Unit 2626 ×2 |
| 12:22 | Construir | Lumber Camp |
| 12:42 | Crear | Demolition Raft |
| 13:01 | Crear | Villager (Male) |
| 13:02 | Crear | Villager (Male) |
| 13:05 | Crear | Unit 2626 |
| 13:05 | Crear | Unit 2626 |
| 13:42 | Crear | Unit 2626 |
| 13:42 | Crear | Unit 2626 |
| 13:43 | Crear | Villager (Male) |
| 13:47 | Construir | House |
| 14:02 | Investigar | Wheelbarrow |
| 14:05 | Construir | House |
| 14:05 | Construir | House |
| 14:05 | Construir | House |
| 14:09 | Crear | Villager (Male) |
| 14:09 | Crear | Villager (Male) |
| 14:19 | Construir | House |
| 14:55 | Crear | Unit 2626 |
| 14:55 | Crear | Unit 2626 |
| 15:05 | Investigar | Double-Bit Axe |
| 15:16 | Crear | Villager (Male) |
| 15:21 | Construir | Dock |
| 15:45 | Crear | Villager (Male) |
| 15:49 | Crear | Fishing Ship ×3 |
| 15:49 | Crear | Fishing Ship ×3 |
| 16:17 | Crear | Villager (Male) |
| 16:19 | Crear | Fishing Ship |
| 16:33 | Investigar | Tech 906 |
| 16:34 | Crear | Fishing Ship |
| 16:34 | Crear | Fishing Ship |
| 16:35 | Crear | Villager (Male) |
| 16:43 | Construir | Mill |
| 16:56 | Crear | Villager (Male) |
| 17:06 | Construir | Blacksmith |
| 17:17 | Crear | Villager (Male) |
| 17:37 | Construir | Market |
| 17:59 | Crear | Galley |
| 17:59 | Crear | Galley |
| 18:05 | Crear | Galley |
| 18:18 | Investigar | Castle Age |
| 18:35 | Construir | Dock |
| 19:01 | Investigar | Gold Mining |
| 19:04 | Crear | Galley |
| 19:04 | Crear | Galley |
| 19:06 | Crear | Galley |
| 19:14 | Crear | Galley |
| 19:14 | Crear | Galley |
| 19:18 | Investigar | Town Watch |
| 19:31 | Investigar | Fletching |
| 19:31 | Investigar | Fletching |
| 20:01 | Crear | Fishing Ship ×3 |
| 20:35 | Construir | House |
| 20:36 | Construir | House |
| 20:36 | Construir | House |
| 20:58 | Edad | Edad de los Castillos |
| 20:59 | Investigar | Bodkin Arrow |
| 21:03 | Investigar | War Galley (upgrade) |
| 21:04 | Investigar | Gillnets |
| 21:04 | Investigar | Gillnets |
| 21:06 | Investigar | Bow Saw |
| 21:16 | Crear | Villager (Male) |
| 21:19 | Crear | Villager (Male) |
| 21:20 | Construir | Town Center |
| 21:41 | Crear | Galley |
| 21:47 | Crear | Galley ×3 |
| 22:00 | Crear | Villager (Male) |
| 22:13 | Crear | Villager (Male) |
| 22:19 | Construir | Town Center |
| 22:56 | Construir | Dock |
| 23:20 | Crear | Galley ×2 |
| 23:23 | Crear | Villager (Male) |
| 23:24 | Crear | Villager (Male) |
| 23:24 | Crear | Villager (Male) |
Build order — 国服总指挥
103 acciones detectadas en el replay
| 0:35 | Construir | Town Center |
| 0:41 | Construir | Dock |
| 0:42 | Construir | House |
| 2:41 | Construir | House |
| 2:53 | Crear | Villager (Male) |
| 2:53 | Crear | Villager (Male) |
| 2:54 | Crear | Villager (Male) |
| 2:55 | Crear | Villager (Male) |
| 4:01 | Construir | House |
| 4:21 | Construir | House |
| 4:39 | Crear | Villager (Male) |
| 4:45 | Crear | Fishing Ship |
| 4:56 | Construir | House |
| 4:59 | Construir | House |
| 5:03 | Crear | Villager (Male) |
| 5:22 | Crear | Villager (Male) |
| 5:54 | Crear | Villager (Male) |
| 5:54 | Crear | Fishing Ship |
| 6:18 | Crear | Villager (Male) |
| 6:24 | Construir | House |
| 6:42 | Crear | Fishing Ship |
| 6:51 | Crear | Villager (Male) |
| 7:15 | Crear | Villager (Male) |
| 7:21 | Crear | Fishing Ship |
| 7:37 | Crear | Villager (Male) |
| 7:42 | Construir | House |
| 8:02 | Crear | Villager (Male) |
| 8:22 | Construir | House |
| 8:24 | Crear | Villager (Male) |
| 8:31 | Construir | Mill |
| 8:52 | Crear | Villager (Male) |
| 9:14 | Construir | Palisade Wall |
| 9:16 | Crear | Villager (Male) |
| 9:27 | Construir | House |
| 9:39 | Crear | Villager (Male) |
| 10:12 | Investigar | Feudal Age |
| 10:12 | Investigar | Feudal Age |
| 10:46 | Investigar | Loom |
| 11:26 | Construir | Lumber Camp |
| 12:24 | Edad | Edad Feudal |
| 12:27 | Investigar | Double-Bit Axe |
| 12:49 | Crear | Villager (Male) |
| 12:58 | Crear | Villager (Male) |
| 13:07 | Construir | Stable |
| 13:18 | Investigar | Horse Collar |
| 13:19 | Crear | Villager (Male) |
| 13:51 | Crear | Villager (Male) |
| 14:05 | Construir | Palisade Gate |
| 14:07 | Construir | House |
| 14:10 | Construir | Palisade Wall |
| 14:11 | Crear | Scout Cavalry |
| 14:17 | Construir | House |
| 14:22 | Construir | House |
| 14:23 | Crear | Villager (Male) |
| 14:26 | Crear | Scout Cavalry |
| 14:27 | Crear | Villager (Male) |
| 14:38 | Construir | Stable |
| 14:45 | Construir | Palisade Wall |
| 14:49 | Crear | Scout Cavalry |
| 14:49 | Crear | Villager (Male) |
| 15:20 | Investigar | Bloodlines |
| 15:20 | Crear | Scout Cavalry |
| 15:27 | Crear | Scout Cavalry |
| 15:28 | Crear | Scout Cavalry |
| 15:32 | Construir | Blacksmith |
| 15:40 | Construir | Farm |
| 15:43 | Construir | Farm |
| 15:50 | Crear | Scout Cavalry |
| 16:04 | Crear | Scout Cavalry |
| 16:05 | Crear | Villager (Male) |
| 16:09 | Crear | Scout Cavalry |
| 16:10 | Crear | Villager (Male) |
| 16:12 | Construir | Farm |
| 16:14 | Construir | Farm |
| 16:22 | Construir | House |
| 16:23 | Crear | Scout Cavalry |
| 16:29 | Crear | Villager (Male) |
| 16:59 | Crear | Scout Cavalry |
| 16:59 | Crear | Scout Cavalry |
| 17:01 | Crear | Villager (Male) |
| 17:05 | Construir | Farm |
| 17:09 | Construir | Farm |
| 17:12 | Crear | Villager (Male) |
| 17:26 | Construir | Palisade Wall |
| 17:28 | Construir | Palisade Wall |
| 17:46 | Investigar | Scale Barding Armor |
| 17:52 | Crear | Villager (Male) |
| 17:55 | Construir | Farm |
| 18:04 | Construir | Farm |
| 18:14 | Investigar | Forging |
| 18:20 | Crear | Villager (Male) |
| 18:31 | Construir | House |
| 18:32 | Construir | House |
| 18:37 | Crear | Villager (Male) |
| 18:40 | Crear | Scout Cavalry |
| 18:40 | Crear | Scout Cavalry |
| 18:50 | Crear | Villager (Male) |
| 18:52 | Construir | Farm |
| 19:29 | Crear | Villager (Male) |
| 19:29 | Crear | Villager (Male) |
| 19:33 | Construir | Farm |
| 19:34 | Construir | Farm |
| 19:35 | Construir | Farm |
Cronología de la partida
| 0:36 | Globox · first_building Dock |
| 0:39 | Bambs · first_building Dock |
| 0:41 | 国服总指挥 · first_building Dock |
| 0:41 | Ulfaith · first_building Dock |
| 0:53 | Álvaro de Bazán · first_building Dock |
| 1:41 | Just Lazy · first_building Dock |
| 1:41 | Globox · wall_segment Palisade Wall x1 |
| 1:42 | 大冲车 滴滴 创死你 · first_building Dock |
| 1:42 | Globox · wall_segment Palisade Wall x1 |
| 2:15 | Allison · first_building Dock |
| 2:20 | Bambs · wall_segment Palisade Wall x1 |
| 2:22 | Bambs · wall_segment Palisade Wall x1 |
| 2:24 | Bambs · wall_segment Palisade Wall x1 |
| 9:14 | 国服总指挥 · wall_segment Palisade Wall x1 |
| 10:24 | Ulfaith · wall_segment Palisade Wall x1 |
| 11:05 | Bambs · first_building Barracks |
| 12:00 | Just Lazy · age_up feudal |
| 12:03 | Bambs · age_up feudal |
| 12:12 | Bambs · first_building Stable |
| 12:22 | Globox · age_up feudal |
| 12:24 | 国服总指挥 · age_up feudal |
| 12:57 | Álvaro de Bazán · age_up feudal |
| 13:07 | 国服总指挥 · first_building Stable |
| 13:13 | Álvaro de Bazán · first_building Barracks |
| 13:21 | 大冲车 滴滴 创死你 · age_up feudal |
| 13:32 | Allison · age_up feudal |
| 13:58 | Álvaro de Bazán · first_building Archery Range |
| 14:10 | 国服总指挥 · wall_segment Palisade Wall x4 |
| 14:20 | Ulfaith · age_up feudal |
| 14:33 | Ulfaith · first_building Barracks |
| 14:45 | 国服总指挥 · wall_segment Palisade Wall x1 |
| 15:27 | Ulfaith · first_building Stable |
| 17:19 | Globox · first_market_buy 100 food |
| 17:26 | 国服总指挥 · wall_segment Palisade Wall x2 |
| 17:28 | 国服总指挥 · wall_segment Palisade Wall x7 |
| 18:24 | Ulfaith · wall_segment Palisade Wall x1 |
| 18:25 | Ulfaith · wall_segment Palisade Wall x1 |
| 18:26 | Ulfaith · wall_segment Palisade Wall x1 |
| 18:28 | Ulfaith · wall_segment Palisade Wall x1 |
| 18:30 | Ulfaith · wall_segment Palisade Wall x1 |
| 18:32 | Ulfaith · wall_segment Palisade Wall x1 |
| 18:35 | Ulfaith · wall_segment Palisade Wall x1 |
| 18:57 | Ulfaith · age_up castle |
| 19:41 | 大冲车 滴滴 创死你 · age_up castle |
| 19:44 | 大冲车 滴滴 创死你 · first_building Castle |
| 19:59 | Globox · age_up castle |
| 20:14 | 国服总指挥 · resign |
| 20:56 | Álvaro de Bazán · age_up castle |
| 20:58 | Just Lazy · age_up castle |
| 21:35 | Álvaro de Bazán · first_building Castle |
| 21:40 | Allison · age_up castle |
| 21:41 | Allison · first_building Castle |
| 21:44 | Just Lazy · first_market_sell 100 food |
| 21:45 | Just Lazy · first_market_buy 100 wood |
| 22:08 | Allison · first_building Siege Workshop |
| 22:20 | Globox · first_market_sell 100 food |
| 22:33 | Álvaro de Bazán · first_building Siege Workshop |
[ ANÁLISIS IA · 1 CRÉDITO ]
¿Qué pasó realmente en esta partida?
Wolo.gg analiza cada decisión: build order, eco, micro, errores típicos por bracket. Análisis personalizado por WhatsApp o Discord en 30 segundos.
Guía civ
Mongoles
Perfil
Jugador #9504934